Map: Neon Violet Square LE

Players

MAsterDekoy

  • Race: Terran Terran
  • League: Platinum
  • Spawn Location: 5:00

CynderQuil - Winner!

  • Race: Protoss Protoss
  • League: Platinum
  • Spawn Location: 11:00

VOD

Have the link to the VOD?

Description

Time

  • Played on: March 1, 2018, 9:47 p.m.
  • Length: 15:50
Show
View Real Time Build Order
Export as new Build Order

MAsterDekoy Terran 

Build Orders:  

Get SALT Encoding   

  12  0:01  SCV  
  13  0:13  SCV  
  14  0:18  Supply Depot  
  14  0:25  SCV  
  15  0:40  SCV  
  16  0:42  Barracks  
  16  0:50  Refinery  
  16  0:52  SCV  
  17  0:57  Refinery  
  17  1:06  SCV  
  19  1:18  SCV  
  19  1:30  SCV  
  19  1:31  Marine  
  21  1:34  Supply Depot  
  21  1:42  SCV  
  21  1:46  Factory  
  22  1:50  Barracks Reactor  
  22  1:54  SCV  
  23  2:06  Orbital Command  
  23  2:26  Marine x2  
  25  2:32  Starport  
  25  2:35  Factory Reactor  
  25  2:38  Factory Tech Lab  
  25  2:41  SCV  
  26  2:48  Marine  
  26  2:49  Marine  
  28  2:57  Siege Tank  
  31  3:04  Supply Depot  
  31  3:23  Command Center  
  31  3:25  SCV, Medivac  
  34  3:36  Supply Depot  
  34  3:38  SCV  
  35  3:48  Supply Depot  
  35  3:50  SCV  
  35  3:51  Siege Tank  
  39  3:58  Marine x2  
  41  4:04  Liberator  
  41  4:12  SCV  
  41  4:16  Marine x2  
  44  4:23  Siege Tank  
  50  4:24  SCV  
  51  4:33  Marine x2  
  51  4:36  SCV  
  51  4:37  Supply Depot  
  54  4:44  Orbital Command  
  54  4:48  SCV  
  55  4:58  Barracks  
  55  5:05  Marine x2  
  57  5:07  Siege Tank  
  57  5:08  Medivac  
  62  5:23  Marine x2  
  64  5:38  Medivac  
  64  5:39  Siege Tank  
  64  5:40  Marine  
  64  5:41  Marine  
  66  6:03  SCV x2  
  67  6:10  Marine x3  
  70  6:15  SCV x2  
  63  6:28  Marine x3  
  63  6:30  Siege Tank  
  63  6:31  Medivac  
  71  6:45  Marine  
  71  6:46  Marine x2  
  74  6:51  Refinery  
  74  6:52  SCV x2  
  76  6:54  Barracks  
  76  6:56  Barracks  
  76  7:01  Medivac  
  78  7:11  Supply Depot x2  
  78  7:12  Supply Depot  
  78  7:28  SCV  
  78  7:32  Marine x3, SCV, Siege Tank  
  80  7:44  SCV  
  73  7:59  Marine x3  
  73  8:00  Marine x2  
  73  8:04  Siege Tank, Medivac  
  78  8:17  Liberator, Marine x5, SCV x2  
  85  8:22  Supply Depot  
  82  8:29  SCV x2  
  84  8:35  Marine x2  
  89  8:45  Supply Depot x2  
  89  8:46  Engineering Bay  
  89  8:48  Engineering Bay  
  89  8:49  Refinery  
  89  9:00  Siege Tank  
  89  9:01  Marine x5  
  97  9:05  SCV x2  
  79  9:17  SCV x2, Medivac  
  99  9:19  Marine x4  
  107  9:25  Marine  
  107  9:29  SCV  
  109  9:32  Siege Tank  
  109  9:34  Terran Infantry Weapons Level 1  
  109  9:35  Terran Infantry Armor Level 1  
  109  9:37  Marine x3  
  115  9:47  Medivac  
  117  10:18  Marine x5  
  117  10:19  Siege Tank  
  125  10:35  Marine  
  125  10:40  Barracks Tech Lab x2, Barracks Reactor  
  126  10:44  Supply Depot  
  126  10:48  Supply Depot  
  126  10:49  Supply Depot  
  126  10:51  Supply Depot  
  126  10:52  Supply Depot  
  126  11:05  Marine  
  126  11:06  SCV x2  
  129  11:18  SCV x2  
  131  11:30  Marine x5, SCV x2  
  131  11:31  Marine  
  142  11:32  Siege Tank  
  142  11:33  Medivac  
  144  11:42  SCV x2, Command Center  
  146  11:48  Marine x4  
  150  11:54  SCV  
  150  11:59  Supply Depot  
  150  12:00  Supply Depot  
  151  12:03  Medivac  
  153  12:22  Supply Depot  
  110  13:22  Marine x6  
  110  13:25  Siege Tank  
  108  13:35  Medivac  
  108  13:40  Marine x6  
  113  13:57  Siege Tank  
  113  13:58  Marine x2  
  113  13:59  Refinery  
  113  14:00  Refinery  
  113  14:01  Starport  
  118  14:10  Marine x4  
  118  14:16  Marine x2  
  124  14:20  Command Center  
  124  14:34  Siege Tank  
  127  14:49  Orbital Command  
  99  15:25  Marine x6  
Show
View Real Time Build Order
Export as new Build Order

CynderQuil Protoss - Winner!

Build Orders: 1 Gate Expand, Double Forge 

Get SALT Encoding   

  12  0:01  Probe  
  13  0:13  Probe  
  14  0:18  Pylon  
  14  0:25  Probe  
  15  0:41  Gateway  
  15  0:46  Assimilator  
  16  0:50  Probe (Chrono Boost)  
  16  1:01  Probe (Chrono Boost)  
  17  1:05  Probe (Chrono Boost)  
  18  1:16  Probe  
  19  1:29  Cybernetics Core  
  19  1:37  Nexus  
  19  1:43  Pylon  
  19  1:47  Probe  
  20  1:55  Assimilator  
  20  1:59  Probe  
  21  2:05  Warp Gate (Chrono Boost)  
  21  2:11  Probe  
  22  2:24  Gateway  
  22  2:28  Gateway  
  22  2:29  Adept  
  24  2:41  Pylon  
  24  2:50  Probe  
  24  2:51  Probe  
  26  2:57  Stalker  
  28  3:04  Probe x2  
  30  3:13  Robotics Facility  
  30  3:19  Probe x2  
  32  3:33  Pylon  
  32  3:39  Gateway  
  32  3:41  Probe x2  
  34  3:53  Probe x2, Stalker  
  38  3:56  Stalker  
  40  4:04  Observer (Chrono Boost)  
  41  4:11  Probe x2  
  41  4:14  Pylon  
  43  4:17  Forge  
  43  4:20  Forge  
  43  4:34  Stalker  
  43  4:35  Stalker  
  43  4:36  Stalker  
  43  4:37  Sentry  
  51  4:42  Probe (Chrono Boost)  
  51  4:43  Probe (Chrono Boost)  
  55  4:53  Probe x2 (Chrono Boost)  
  55  4:54  Immortal (Chrono Boost)  
  55  4:58  Probe x2 (Chrono Boost)  
  61  5:12  Assimilator  
  61  5:18  Stalker  
  61  5:19  Stalker  
  65  5:21  Stalker  
  65  5:23  Stalker  
  61  5:47  Immortal  
  61  5:49  Stalker  
  55  6:02  Stalker x3  
  51  6:29  Probe x2  
  53  6:34  Pylon  
  53  6:41  Probe  
  53  6:45  Pylon  
  54  6:48  Pylon  
  54  6:52  Probe  
  55  6:58  Pylon, Immortal (Chrono Boost)  
  55  7:00  Pylon  
  59  7:04  Pylon  
  59  7:06  Pylon  
  59  7:08  Robotics Facility  
  59  7:15  Forge  
  59  7:18  Forge  
  59  7:22  Pylon  
  59  7:24  Adept  
  59  7:25  Adept x3, Pylon  
  49  7:47  Stalker x3  
  47  7:59  Probe x2 (Chrono Boost)  
  49  8:09  Probe x2 (Chrono Boost)  
  46  8:20  Stalker x2  
  46  8:25  Pylon  
  46  8:26  Assimilator  
  50  8:33  Pylon  
  50  8:35  Probe x2  
  52  8:47  Probe (Chrono Boost)  
  52  8:48  Probe (Chrono Boost), Photon Cannon  
  54  8:51  Photon Cannon  
  54  8:57  Photon Cannon  
  54  8:59  Probe (Chrono Boost)  
  54  9:00  Probe (Chrono Boost)  
  56  9:06  Probe (Chrono Boost)  
  57  9:12  Probe  
  57  9:14  Probe  
  59  9:18  Protoss Ground Weapons Level 1  
  59  9:25  Adept x3  
  59  9:26  Adept  
  67  9:38  Robotics Bay  
  67  9:49  Nexus  
  67  9:51  Immortal (Chrono Boost)  
  69  10:04  Stalker  
  69  10:05  Stalker  
  73  10:17  Adept x2  
  77  10:23  Colossus (Chrono Boost), Extended Thermal Lance (Chrono Boost)  
  83  10:38  Adept  
  83  10:41  Adept  
  87  10:47  Assimilator  
  87  10:49  Assimilator  
  87  10:56  Probe  
  87  10:57  Probe  
  89  11:03  Stalker x2  
  89  11:04  Stalker  
  95  11:05  Sentry  
  91  11:29  Stalker x3  
  97  11:34  Protoss Ground Armor Level 1 (Chrono Boost)  
  97  11:48  Photon Cannon  
  97  11:50  Photon Cannon  
  97  11:54  Probe x3  
  100  12:05  Twilight Council  
  100  12:06  Probe x3  
  103  12:08  Pylon  
  103  12:35  Colossus x2 (Chrono Boost)  
  115  12:46  Blink (Chrono Boost)  
  112  13:20  Stalker x3  
  90  13:36  Colossus (Chrono Boost)  
  78  13:43  Disruptor (Chrono Boost)  
  87  13:49  Probe  
  87  13:50  Probe  
  87  13:53  Observer Gravitic Boosters (Chrono Boost)  
  89  14:09  Nexus  
  89  14:10  Stalker x3, Pylon  
  89  14:14  Pylon  
  89  14:15  Colossus  
  89  14:16  Pylon  
  101  14:31  Observer  
  101  15:00  Probe x3  
  104  15:12  Probe x3  
  99  15:24  Probe x2  
  97  15:31  Stalker  
  97  15:32  Stalker x2  
Tags
 
Add a new tag
Caveats
  • Supply blocks, unpowered buildings, or Contaminate may cause inaccurate times.
  • Supply counts are checked every 10 seconds.